 Dungeon Crawl Stone Soup version 0.24.0-123-gd5b16e6ec5 (webtiles) character file.

Game seed: 9861802061103042260, levelgen mode: deterministic

21984 vurker the Zephyrmancer (level 12, -10/57 HPs)
             Began as a Felid Air Elementalist on Feb 1, 2020.
             Was a High Priest of Vehumet.
             Mangled by a black mamba (18 damage)
             ... on level 5 of the Lair of Beasts.
             The game lasted 00:51:12 (31409 turns).

vurker the Zephyrmancer (Felid Air Elementalist)   Turns: 31409, Time: 00:51:13

Health: -10/57     AC:  3    Str:  4    XL:     12   Next: 59%
Magic:  8/37       EV: 22    Int: 22    God:    Vehumet [*****.]
Gold:   551        SH:  0    Dex: 16    Spells: 24/34 levels left
                                        Lives:  0   Deaths: 4

rFire    . . .     SeeInvis +   (weapon unavailable)
rCold    + . .     Gourm    .   (shield unavailable)
rNeg     . . .     Faith    .   (armour unavailable)
rPois    +         Spirit   .   (helmet unavailable)
rElec    .         Reflect  .   (cloak unavailable)
rCorr    .         Harm     .   (gloves unavailable)
MR       +....                  (boots unavailable)
Stlth    +++.......             (no amulet)
HPRegen  0.19/turn              f - ring of magical power
MPRegen  0.25/turn              A - ring of poison resistance

@: lethally poisoned (-10 -> -14), quick
A: very small, no armour, no weapons or thrown items, stealth, claws 1, fangs 3,
see invisible, carnivore, speed 1, shaggy fur 3, slow metabolism 1, sharp paws
a: Renounce Religion


You were on level 5 of the Lair of Beasts.
You worshipped Vehumet.
Vehumet was extremely pleased with you.
You were very full.

You visited 3 branches of the dungeon, and saw 18 of its levels.

You collected 1002 gold pieces.
You spent 451 gold pieces at shops.

Inventory:

Jewellery
 f - a ring of magical power (left paw)
   (You bought it in a shop on level 9 of the Dungeon)
 w - an uncursed ring of protection from cold
   (You took it off a crimson imp on level 11 of the Dungeon)
 A - a ring of poison resistance (right paw)
   (You took it off an orc warrior on level 11 of the Dungeon)
 H - an uncursed ring of protection from cold
   (You found it on level 5 of the Lair of Beasts)
Wands
 t - a wand of flame (102)
   (You found it on level 6 of the Dungeon)
 u - a wand of paralysis (4)
   (You found it on level 2 of the Lair of Beasts)
 v - a wand of digging (4)
   (You found it on level 4 of the Lair of Beasts)
 x - a wand of acid (6)
   (You took it off a centaur on level 8 of the Dungeon)
 y - a wand of polymorph (5)
   (You found it on level 10 of the Dungeon)
Scrolls
 b - 4 scrolls of amnesia
 c - a scroll of fear
 l - a scroll of immolation
 m - 2 scrolls of blinking
 n - 4 scrolls of teleportation
 p - 6 scrolls of remove curse
 z - a scroll of vulnerability {unknown}
 C - 2 scrolls of magic mapping {unknown}
 D - 3 scrolls of random uselessness {unknown}
 F - 3 scrolls of fog
Potions
 a - 2 potions of curing
 d - 5 potions of flight
 g - 4 potions of might
 h - 4 potions of agility
 i - a potion of haste
 j - a potion of magic
 k - 3 potions of berserk rage
 q - a potion of brilliance
 r - 4 potions of mutation
 s - a potion of lignification
 E - a potion of cancellation {unknown}
 G - 2 potions of heal wounds {unknown}
Miscellaneous
 o - a fan of gales
   (You found it on level 9 of the Dungeon)
 B - a phantom mirror
Comestibles
 e - 28 rations


   Skills:
 + Level 9.1 Fighting
 + Level 6.2 Dodging
 - Level 2.6 Stealth
 * Level 11.8 Spellcasting
 * Level 11.6 Conjurations
 * Level 11.9 Air Magic
 + Level 7.4 Evocations


You had 24 spell levels left.
You knew the following spells:

 Your Spells              Type           Power        Failure   Level  Hunger
a - Shock                 Conj/Air       ####         1%          1    None
b - Lightning Bolt        Conj/Air       ######....   1%          5    ####...
c - Airstrike             Air            ######....   1%          4    None

Your spell library contained the following spells:

 Spells                   Type           Power        Failure   Level  Hunger
 Venom Bolt               Conj/Pois      #####.....   3%          5    ####...
 Flame Tongue             Conj/Fire      #####        1%          1    None
 Sandblast                Erth           ##....       1%          1    None
 Swiftness                Chrm/Air       #####...     1%          2    None
 Throw Flame              Conj/Fire      #####.       1%          2    None
 Conjure Flame            Conj/Fire      #####...     1%          3    None
 Static Discharge         Conj/Air       ######..     1%          3    None
 Stone Arrow              Conj/Erth      #####.       1%          3    None
 Sticky Flame             Conj/Fire      #####...     1%          4    None
 Fireball                 Conj/Fire      #####.....   3%          5    ####...
 Animate Skeleton         Necr           N/A          4%          1    None
 Apportation              Tloc           ##....       4%          1    None
 Confusing Touch          Hex            ##....       4%          1    None
 Summon Small Mammal      Summ           ##..         4%          1    None
 Inner Flame              Hex/Fire       ##......     4%          3    None
 Blink                    Tloc           N/A          8%          2    None
 Passwall                 Tmut/Erth      ##......     8%          2    None
 Shroud of Golubria       Chrm/Tloc      ##....       8%          2    None
 Confuse                  Hex            ##......     16%         3    None
 Gell's Gravitas          Tloc           ##........   16%         3    None
 Lesser Beckoning         Tloc           ##........   16%         3    None
 Teleport Other           Tloc           ##......     16%         3    None
 Lee's Rapid Deconstruct  Erth           ##........   32%         5    ####...
 Yara's Violent Unravell  Hex/Tmut       ##........   32%         5    ####...
 Passage of Golubria      Tloc           N/A          45%         4    None
 Petrify                  Tmut/Erth      ##......     45%         4    None
 Metabolic Englaciation   Hex/Ice        ##........   80%         5    ####...


Dungeon Overview and Level Annotations

Branches:
Dungeon (11/15)            Temple (1/1) D:5            Lair (6/6) D:11
  Swamp (0/4) Lair:3       Spider (0/4) Lair:3        Slime (0/5) Lair:5
    Orc (0/2) D:11

Altars:
Ashenzari
Cheibriados
Dithmenos
Elyvilon
Fedhas
Hepliaklqana
Kikubaaqudgha
Makhleb
Nemelex Xobeh
Qazlal
Ru
Sif Muna
Trog
Uskayaw
Vehumet
Wu Jian
Xom
Zin
The Shining One

Shops:
D:9 =   D:11 [


Innate Abilities, Weirdness & Mutations

You cannot wear armour.
You are incapable of wielding weapons or throwing items.
Your paws allow you to move quietly. (Stealth)
You have sharp claws.
You have razor-sharp teeth.
You have supernaturally acute eyesight. (SInv)
You are carnivorous and can eat meat at any time.
You cover ground quickly.
Your thick and shaggy fur keeps you warm. (AC +3, rC+)
You have a slow metabolism.
Your sharp claws are effective at attacking unaware monsters.


Message History

Vehumet accepts your kill.
You feel your power returning.
The yak is too close now for your liking.
Aim: a yak (hasn't noticed you)
The air twists around and strikes the yak!
The yak bellows!
You can't see any susceptible monsters within range! (Use Z to cast anyway.)
A black mamba comes into view.
Aim: a yak (lightly wounded)
The air twists around and strikes the yak!
The black mamba hisses angrily.
The yak bellows!
The yak snorts and paws the ground.
You completely miss the plant. The black mamba closely misses you.
The black mamba completely misses you. The black mamba bites you.
There is a stone staircase leading up here.
The black mamba bites you!!
You are poisoned.
The black mamba poisons you! The black mamba closely misses you.
The black mamba bites you!
* * * LOW HITPOINT WARNING * * *
The black mamba closely misses you.
You climb upwards.
You feel sick.
There is a stone staircase leading down here.
You feel sick. The black mamba barely misses you. The black mamba bites you.
* * * LOW HITPOINT WARNING * * *
You feel sick. The black mamba closely misses you.
The black mamba completely misses you.
You feel sick.
The black mamba completely misses you. x2
You feel sick. The black mamba completely misses you.
The black mamba closely misses you.
You feel sick. The black mamba bites you!
* * * LOW HITPOINT WARNING * * *
The black mamba barely misses you.
Aim: a black mamba You hear a mighty clap of thunder!
The bolt of lightning hits the black mamba!!
The bolt of lightning hits the plant.
The bolt of lightning hits the plant!
You feel sick. The black mamba barely misses you.
The black mamba closely misses you. The black mamba misses you.
The black mamba completely misses you.
Aim: a black mamba (severely wounded)
You hear a mighty clap of thunder!
The bolt of lightning misses the black mamba.
The bolt of lightning hits the plant!!! x2
You destroy the plant!
The black mamba bites you!!
You die...

..^................P........##.#
...............................##
..............#.................#
............#####.....>..........
...#...#...### ##.P..PP.........
#..#..##..##.######..#..)........
#......##.#......#...............
.#....................P..........
................@SP..............
#..>....#........S....P.......#..
..............................#..
.#...#.....###...................
#.....###.#.##...................
#..#..###.##.#...P..#........P...
#..#..##..###...............P#..#
.........####............(...##..
..............................PP.


You could see 2 black mambas.

Vanquished Creatures
  A dire elephant (Lair:2)
  Josephine (Lair:6)
  3 hydras
  2 two-headed ogres (D:11)
  3 unseen horrors
  Pikel (D:6)
  An orc knight (D:11)
  An ugly thing (D:11)
  A wolf spider (Lair:6)
  A manticore (D:11)
  3 oklob plants (Lair:4)
  2 cyclopes (D:11)
  20 elephants
  Joseph (D:10)
  A gargoyle (D:9)
  An eye of devastation (Lair:5)
  8 black mambas
  10 spiny frogs
  4 rime drakes
  7 komodo dragons
  A troll (D:11)
  A merfolk (D:10)
  4 jumping spiders (Lair:3)
  A polar bear (Lair:1)
  A tyrant leech (Lair:3)
  2 blink frogs
  2 hornets
  A hippogriff (D:11)
  Sigmund (D:3)
  6 redbacks
  A spriggan (Lair:2)
  7 wyverns
  4 wraiths
  38 yaks
  2 basilisks
  A steam dragon (Lair:6)
  2 hungry ghosts
  Menkaure (D:6)
  3 swamp worms (Lair:3)
  Edmund (D:6)
  2 acid dragons
  10 porcupines
  3 sky beasts
  21 water moccasins
  A swamp drake (Lair:6)
  2 phantoms
  4 orc warriors
  4 eyes of draining
  4 slaves (D:6)
  A necrophage (D:9)
  3 black bears
  3 centaurs
  10 ogres
  9 wolves
  13 crocodiles
  2 big kobolds
  8 bullfrogs
  A wyvern zombie (D:8)
  4 scorpions
  4 killer bees (D:11)
  4 howler monkeys
  3 wights (D:9)
  4 crimson imps
  A jelly (D:11)
  2 quasits
  3 bullfrog zombies
  7 hounds
  5 orc priests
  3 centaur skeletons
  3 bullfrog skeletons
  2 iguanas (D:10)
  11 orc wizards
  2 worker ants
  Ijyb (D:5)
  A worker ant zombie (D:8)
  3 howler monkey skeletons
  8 gnolls
  9 adders
  4 shadow imps
  2 oozes (D:1)
  An adder zombie (D:6)
  4 worms
  3 dart slugs
  5 leopard geckos
  81 orcs
  A ball python (D:6)
  6 bats
  5 giant cockroaches
  4 goblins
  9 hobgoblins
  13 jackals
  9 quokkas
  4 frilled lizards
  11 kobolds
  A leopard gecko zombie (D:9)
  5 rats
  A plant (Lair:5)
502 creatures vanquished.

Vanquished Creatures (others)
  109 fungi
  89 plants
198 creatures vanquished.

Grand Total: 700 creatures vanquished

Notes
Turn   | Place    | Note
-------+----------+-------------------------------------------
     0 | D:1      | vurker the Felid Air Elementalist began the quest for the
                  | Orb.
     0 | D:1      | Reached XP level 1. HP: 7/7 MP: 4/4
    38 | D:1      | Reached skill level 1 in Conjurations
   280 | D:1      | Reached XP level 2. HP: 11/11 MP: 1/6
   815 | D:1      | Found a glowing golden altar of the Shining One.
   974 | D:1      | Reached XP level 3. HP: 15/15 MP: 1/7
  1204 | D:2      | Reached skill level 1 in Fighting
  1484 | D:2      | Found a shimmering blue altar of Sif Muna.
  1841 | D:2      | Found a shimmering altar of Xom.
  2038 | D:2      | Reached XP level 4. HP: 19/19 MP: 6/9
  3716 | D:3      | Noticed Sigmund
  3904 | D:3      | Slain by Sigmund
  3905 | D:3      | Reached XP level 3. HP: -4/16 MP: 5/8
  3922 | D:3      | Killed Sigmund
  3922 | D:3      | Reached XP level 4. HP: 19/19 MP: 5/10
  3922 | D:3      | Reached XP level 5. HP: 22/22 MP: 5/11
  4502 | D:3      | Learned a level 5 spell: Lightning Bolt
  4507 | D:3      | Learned a level 4 spell: Airstrike
  4860 | D:4      | Gained mutation: You are covered in thick fur. (AC +2)
                  | [Felid growth]
  4860 | D:4      | Reached XP level 6. HP: 23/26 MP: 7/12
  5368 | D:5      | Entered Level 5 of the Dungeon
  5582 | D:5      | Found a staircase to the Ecumenical Temple.
  5591 | Temple   | Entered the Ecumenical Temple
  5634 | Temple   | Became a worshipper of Vehumet
  6064 | D:5      | Noticed Ijyb
  6074 | D:5      | Killed Ijyb
  6074 | D:5      | Reached XP level 7. HP: 30/30 MP: 8/14
  6209 | D:5      | Found a snail-covered altar of Cheibriados.
  6409 | D:6      | Noticed Menkaure
  6419 | D:6      | Killed Menkaure
  6656 | D:6      | Reached skill level 5 in Air Magic
  6937 | D:6      | Noticed Edmund
  6951 | D:6      | Killed Edmund
  7153 | D:6      | Reached skill level 5 in Spellcasting
  7153 | D:6      | Reached XP level 8. HP: 34/34 MP: 9/16
  7401 | D:6      | Found a snail-covered altar of Cheibriados.
  7421 | D:6      | Noticed Pikel
  7668 | D:6      | Reached * piety under Vehumet
  7668 | D:6      | Offered knowledge of Flame Tongue by Vehumet.
  7733 | D:6      | Killed Pikel
  7733 | D:6      | Reached skill level 5 in Conjurations
  8711 | D:7      | Found a sparkling altar of Nemelex Xobeh.
  8711 | D:7      | Found a shadowy altar of Dithmenos.
  8711 | D:7      | Found a white marble altar of Elyvilon.
  8711 | D:7      | Found a stormy altar of Qazlal.
  9020 | D:7      | Reached XP level 9. HP: 24/39 MP: 11/19
  9549 | D:7      | Found a bloodstained altar of Trog.
 10452 | D:8      | Found a glowing golden altar of the Shining One.
 10554 | D:8      | Noticed an unseen horror
 10572 | D:8      | Killed an unseen horror
 10572 | D:8      | Reached skill level 5 in Fighting
 10846 | D:8      | Found an ornate altar of the Wu Jian Council.
 11053 | D:8      | Reached ** piety under Vehumet
 11053 | D:8      | Offered knowledge of Freeze by Vehumet.
 11105 | D:8      | Found a hazy altar of Hepliaklqana.
 11274 | D:8      | Reached XP level 10. HP: 28/44 MP: 9/22
 11461 | D:8      | Found a glowing silver altar of Zin.
 12352 | D:9      | Offered knowledge of Mephitic Cloud by Vehumet.
 12564 | D:9      | Found Enifoent's Jewellery Shoppe.
 12564 | D:9      | Noticed a gargoyle
 12571 | D:9      | Killed a gargoyle
 12637 | D:9      | Bought an uncursed ring of magical power for 220 gold
                  | pieces
 12818 | D:9      | Found a shattered altar of Ashenzari.
 13167 | D:9      | Bought a +3 ring of evasion for 231 gold pieces
 13274 | D:10     | Entered Level 10 of the Dungeon
 13534 | D:10     | Reached *** piety under Vehumet
 13694 | D:10     | Noticed Joseph
 13701 | D:10     | Killed Joseph
 13701 | D:10     | Reached skill level 1 in Evocations
 14097 | D:10     | Noticed an unseen horror
 14101 | D:10     | Killed an unseen horror
 14205 | D:10     | Noticed an unseen horror
 14213 | D:10     | Killed an unseen horror
 14401 | D:10     | Reached XP level 11. HP: 46/46 MP: 19/24
 14532 | D:10     | Offered knowledge of Ignite Poison by Vehumet.
 15538 | D:11     | Noticed a two-headed ogre
 15543 | D:11     | Killed a two-headed ogre
 15543 | D:11     | Reached **** piety under Vehumet
 15651 | D:11     | Noticed a two-headed ogre
 15665 | D:11     | Killed a two-headed ogre
 15740 | D:11     | Offered knowledge of Iskenderun's Mystic Blast by Vehumet.
 15768 | D:11     | Noticed an orc knight
 15773 | D:11     | Killed an orc knight
 15778 | D:11     | Reached skill level 5 in Dodging
 16774 | D:11     | Noticed a green ugly thing
 16861 | D:11     | Killed a green ugly thing
 17158 | D:11     | Reached ***** piety under Vehumet
 17286 | D:11     | Offered knowledge of Venom Bolt by Vehumet.
 17413 | D:11     | Gained mutation: Your thick and shaggy fur keeps you warm.
                  | (AC +3, rC+) [Felid growth]
 17413 | D:11     | Reached XP level 12. HP: 52/52 MP: 15/26
 17504 | D:11     | Found a staircase to the Lair.
 17583 | D:11     | Found Vene's Weapon Boutique.
 17585 | D:11     | Found a staircase to the Orcish Mines.
 17587 | D:11     | Found Inalouwk's Armour Boutique.
 18204 | Lair:1   | Entered Level 1 of the Lair of Beasts
 18621 | Lair:1   | Reached skill level 10 in Air Magic
 18887 | Lair:1   | Reached skill level 10 in Spellcasting
 19319 | Lair:1   | You fall into a shaft and drop 1 floor!
 19320 | Lair:2   | Noticed a dire elephant
 20125 | Lair:2   | Noticed a five-headed hydra
 20125 | Lair:2   | Mangled by a spiny frog
 20126 | Lair:2   | Reached XP level 11. HP: -11/50 MP: 4/35
 20138 | Lair:2   | Reached skill level 5 in Evocations
 20423 | Lair:2   | Reached skill level 10 in Conjurations
 20971 | Lair:2   | Slain by a komodo dragon
 20972 | Lair:2   | Reached XP level 10. HP: -1/48 MP: 7/34
 20972 | Lair:2   | Noticed a spiny frog
 20979 | Lair:2   | Killed a spiny frog
 21041 | Lair:2   | Noticed an elephant
 21216 | Lair:2   | Noticed an elephant
 21260 | Lair:2   | Killed an elephant
 21260 | Lair:2   | Reached XP level 11. HP: 51/51 MP: 23/26
 22798 | Lair:2   | Killed a five-headed hydra
 24221 | Lair:2   | Killed a dire elephant
 24925 | Lair:3   | Found a dark tunnel.
 24979 | Lair:3   | Reached XP level 12. HP: 56/56 MP: 11/28
 25488 | Lair:3   | Found a staircase to the Swamp.
 25642 | Lair:3   | Found a hole to the Spider Nest.
 26550 | Lair:4   | Noticed an eight-headed hydra
 26556 | Lair:4   | Killed an eight-headed hydra
 27982 | Lair:5   | Found a bloodstained altar of Trog.
 28605 | Lair:5   | Noticed a six-headed hydra
 28610 | Lair:5   | Killed a six-headed hydra
 28835 | Lair:5   | Found a staircase to the Slime Pits.
 29167 | Lair:6   | Entered Level 6 of the Lair of Beasts
 29400 | Lair:6   | Noticed Josephine
 29407 | Lair:6   | Killed Josephine
 29407 | Lair:6   | Reached XP level 13. HP: 60/60 MP: 23/29
 29900 | Lair:5   | HP: 2/60 [black mamba (9)]
 29900 | Lair:5   | Mangled by a black mamba
 29901 | Lair:5   | Reached XP level 12. HP: -8/56 MP: 33/37
 31409 | Lair:5   | Mangled by a black mamba

Levels and vault maps discovered:
D:1:      dpeg_arrival_lava_temple_mockup, layout_basic, tso_altar
D:2:      layout_basic, nicolae_overflow_hidden_temple,
          nicolae_overflow_crystal_walls
D:3:      layout_basic, hangedman_decor_push, uniq_sigmund
D:4:      layout_basic, first_ration
D:5:      layout_rooms, cheibriados_altar_1, minmay_temple_entry_tees, uniq_ijyb
D:6:      layout_gridville, chei_slow_surprise, uniq_menkaure, uniq_edmund,
          uniq_pikel
D:7:      layout_loops_ring, chequers_temple_overflow_statue_of_worship,
          trog_eyes_of_draining, amethyst_killhole
D:8:      layout_basic, old_standard_altar, kennysheep_mini_moat,
          kennysheep_mini, marbit_many_paths, chequers_serial_rivers_micro_b
D:9:      layout_rooms, kennysheep_little_box, serial_shops, shop
D:10:     layout_basic, special_room [special_room_orc], hangedman_fish_farm,
          uniq_joseph
D:11:     layout_loops_cross, grunt_lair_entry_orc_guard_hut, orc_david_3,
          lightli_minifort
Temple:   dpeg_three_leaves_temple
Lair:1:   layout_cave_pods, beast_lair_carwin_11
Lair:2:   mu_elephants_graveyard, layout_loops_ring, minivault_27,
          chequers_serial_rivers_micro_d
Lair:3:   layout_misc_corridors, minmay_swamp_entry_worms,
          nicolae_spider_entry_tight_spaces, nicolae_volcano_entry_lava_flow
Lair:4:   layout_small_grid, minmay_lair_oklob_chamber, grunt_megastairs_4,
          lemuel_fruit_fields, lemuel_fruit_fields
Lair:5:   layout_gridlike, minmay_slime_entry_eyes, basic_altar
Lair:6:   hangedman_lair_tendril_chambers, layout_hall_layers,
          guppyfry_lair_end_dragon, serial_bayou_shore_b, uniq_josephine

Skill      XL: |  1  2  3  4  5  6  7  8  9 10 11 12 |
---------------+-------------------------------------+-----
Conjurations   | 1 2 3 4 5 7 8 10 11 | 11.6
Air Magic      | 3 4 5 6 7 8 11 10 | 11.9
Fighting       | 2 3 4 5 6 8 9 |  9.1
Spellcasting   | 3 4 5 6 7 8 11 10 | 11.8
Dodging        | 4 5 6 |  6.2
Evocations     | 2 6 7 |  7.4
Stealth        | |  2.6

Action                   |  1- 3 |  4- 6 |  7- 9 | 10-12 | 13-15 || total
-------------------------+-------+-------+-------+-------+-------++-------
Melee: Unarmed           |    15 |    15 |    61 |    16 |       ||   107
       Bite              |     3 |       |     2 |     2 |       ||     7
 Cast: Shock             |    84 |   194 |   242 |   427 |       ||   947
       Airstrike         |       |       |    25 |   549 |    13 ||   587
       Lightning Bolt    |       |       |       |   118 |     3 ||   121
Evoke: Wand              |       |       |     6 |    21 |     5 ||    32
  Use: Scroll            |       |     6 |    13 |     8 |       ||    27
       Potion            |       |       |     2 |     2 |     2 ||     6
 Stab: Paralysed         |       |       |       |     5 |       ||     5
  Eat: Chunk             |    10 |    13 |    10 |    74 |     2 ||   109
       Ration            |       |       |       |     2 |       ||     2
Armor: Skin              |       |     1 |    10 |    11 |     2 ||    24
Dodge: Dodged            |    18 |    64 |    84 |   313 |    50 ||   529
